 Dungeon Crawl Stone Soup version 0.30-a0-722-g3e6e8c874d (webtiles) character file.

Game seed: 10023065014294925478

13809 mandarbmax the Cruncher (level 12, -12/94 HPs)
             Began as a Formicid Fighter on Jan 27, 2023.
             Was a Priest of Qazlal.
             Shot themself with a blast of rubble (20 damage)
             ... on level 11 of the Dungeon on Jan 28, 2023.
             The game lasted 00:22:43 (12389 turns).

mandarbmax the Cruncher (Formicid Fighter)         Turns: 12389, Time: 00:22:43

Health: -12/94     AC: 13    Str: 30    XL:     12   Next: 37%
Magic:  18/18      EV:  9    Int: 13    God:    Qazlal [***...]
Gold:   425        SH: 19    Dex: 12    Spells: 11/11 levels left

rFire   + . .      SeeInvis +    a - +3 quarterstaff (freeze)
rCold   . . .      Faith    .    d - +0 kite shield
rNeg    . . .      Spirit   .    b - +0 scale mail
rPois   .          Reflect  +    (helmet unavailable)
rElec   .          Harm     .    n - +1 cloak
rCorr   .          Rampage  .    r - +1 pair of gloves
Will    +....                    p - +2 pair of boots {Fly} Stlth
                                 i - amulet of reflection
HPRegen 0.35/turn                v - +6 ring of strength
MPRegen 0.16/turn                o - ring of protection from fire

@: spiked, flying
A: permanent stasis, dig shafts and tunnels, antennae 3, four strong arms,
clever 1, deformed body
a: Dig, Shaft Self, Renounce Religion, Upheaval, Elemental Force


You were on level 11 of the Dungeon.
You worshipped Qazlal.
Qazlal was most pleased with you.
You visited 2 branches of the dungeon, and saw 13 of its levels.
You also visited: Ossuary.

You collected 683 gold pieces.
You spent 258 gold pieces at shops.

Inventory:

Hand Weapons
 a - a +3 quarterstaff of freezing (weapon)
Armour
 b - a +0 scale mail (worn)
 d - a +0 kite shield (worn)
 n - a +1 cloak (worn)
 p - a +2 pair of boots of flying (worn)
 r - a +1 pair of gloves (worn)
Magical Staves
 j - a staff of poison
Jewellery
 i - an amulet of reflection (around neck)
 o - a ring of protection from fire (right hand)
 v - a +6 ring of strength (left hand)
Wands
 e - a wand of mindburst (11)
 u - a wand of flame (9)
 y - a wand of polymorph (4)
Scrolls
 f - 2 scrolls of immolation
 h - a scroll of poison
 m - 3 scrolls of fog
 s - a scroll of brand weapon
 x - 2 scrolls of magic mapping
 A - a scroll of silence {unknown}
 B - a scroll of identify
Potions
 c - a potion of flight
 g - 2 potions of haste {unknown}
 k - a potion of attraction
 l - a potion of magic
 q - 3 potions of brilliance
 t - a potion of lignification
 w - a potion of might
 z - 3 potions of heal wounds
 C - a potion of curing


   Skills:
 + Level 8.6 Fighting
 * Level 12.8 Staves
 + Level 8.7 Armour
 + Level 10.3 Shields
 + Level 8.6 Invocations


You had 11 spell levels left.
You didn't know any spells.
Your spell library contained the following spells:

 Spells                   Type           Power      Damage    Failure   Level
 Magic Dart               Conj           0%         1d3       71%         1
 Shock                    Conj/Air       0%         1d3       71%         1
 Call Imp                 Summ           0%         N/A       85%         2
 Cigotuvi's Dreadful Rot  Necr/Pois/Air  0%         N/A       85%         2
 Ignite Poison            Fire/Tmut/Pois 0%         N/A       97%         3
 Kindle Blastsparks       Fire/Tloc/Air  0%         2d10      97%         3
 Mephitic Cloud           Conj/Pois/Air  0%         N/A       97%         3
 Ozocubu's Armour         Ice            0%         N/A       97%         3
 Stone Arrow              Conj/Erth      0%         3d7       97%         3
 Vhi's Electric Charge    Tloc/Air       0%         N/A       97%         3
 Airstrike                Air            0%         2d(0-16)  100%        4
 Anguish                  Hex/Necr       0%         N/A       100%        4
 Animate Armour           Summ/Erth      0%         N/A       100%        4
 Animate Dead             Necr           0%         N/A       100%        4
 Dispel Undead            Necr           0%         3d6       100%        4
 Manifold Assault         Tloc           0%         N/A       100%        4
 Sticky Flame             Conj/Fire      0%         2d3       100%        4
 Arcjolt                  Conj/Air       0%         1d10      100%        5
 Freezing Cloud           Conj/Ice/Air   0%         6-21      100%        5
 Metabolic Englaciation   Hex/Ice        0%         N/A       100%        5
 Death Channel            Necr           0%         N/A       100%        6
 Dispersal                Tloc           0%         N/A       100%        6
 Simulacrum               Ice/Necr       0%         N/A       100%        6
 Enfeeble                 Hex            0%         N/A       100%        7
 Haunt                    Necr/Summ      0%         N/A       100%        7
 Ozocubu's Refrigeration  Ice            0%         4d7       100%        7
 Disjunction              Tloc           0%         N/A       100%        8
 Ignition                 Fire           0%         3d3       100%        8
 Infestation              Necr           0%         N/A       100%        8
 Lehudib's Crystal Spear  Conj/Erth      0%         10d2      100%        8
 Maxwell's Capacitive Co  Air            0%         ∞         100%        8
 Swiftness                Air            Unusable   N/A       N/A         3

Dungeon Overview and Level Annotations

Branches:
Dungeon (12/15)            Temple (1/1) D:5            Lair (0/5) D:11
Ossuary (visited)
    Orc: D:9-12

Altars:
Ashenzari
Cheibriados
Dithmenos
Elyvilon
Fedhas
Gozag
Hepliaklqana
Kikubaaqudgha
Makhleb
Nemelex Xobeh
Okawaru
Qazlal
Ru
Sif Muna
Trog
Uskayaw
Vehumet
Wu Jian
Xom
Yredelemnul
Zin
The Shining One

Shops:
D:8 =[(=   D:11 [

Annotations:
D:11 2 runed translucent doors


Innate Abilities, Weirdness & Mutations

You cannot be hasted, slowed, berserked, paralysed or teleported.
You can dig through walls and to a lower floor.
You have a pair of large antennae on your head. (SInv)
Your four strong arms can wield two-handed weapons with a shield.
Your mind is acute. (Int +4, Str/Dex -1)
Armour fits poorly on your strangely shaped body.


Message History

The kobold demonologist is severely wounded.
The sixfirhy hits you but does no damage.
The sixfirhy hits you.
* * * LOW HITPOINT WARNING * * *
The sixfirhy shocks you!
* * * LOW HITPOINT WARNING * * *
You block the ufetubus's attack.
The ufetubus hits you but does no damage.
The shadow imp hits you but does no damage.
The crimson imp laughs crazily.
The ufetubus is engulfed in freezing vapours.
You kill the ufetubus!
The ufetubus disappears in a puff of smoke!
The ynoxinul hits you!
* * * LOW HITPOINT WARNING * * *
You block the sixfirhy's attack.
The kobold demonologist hits you but does no damage.
Unknown command.
Aiming: Upheaval
Press: ? - help, Dir - move target, f - kobold demonologist
Aim: a kobold demonologist, wielding a +0 dagger and wearing a +0 robe (severely wounded) That beam is likely to hit you.
Continue anyway? [Y]es or [N]o only, please.
That beam is likely to hit you.
Continue anyway?
The ground shakes violently, spewing rubble!
The blast of rubble hits the red devil!
You kill the red devil!
The red devil disappears in a puff of smoke!
The blast of rubble hits the sixfirhy!!
You kill the sixfirhy!
The sixfirhy disappears in a puff of smoke!
The blast of rubble hits the kobold demonologist!!
You kill the kobold demonologist!
Qazlal accepts your kill.
The ynoxinul disappears in a puff of smoke!
The ufetubus disappears in a puff of smoke! x2
The shadow imp disappears in a puff of smoke!
The crimson imp disappears in a puff of smoke!
The blast of rubble hits you!!
You die...

....'............# #
....#............# #
....#............# #
....#...)..######## #
######..<..#......########### #
#######......#...........
.......§.#...........
.....§§°§#...........
#....)@°§...........
......§.§#...........
$..###+###...........
########................. #
###.....##................: .
..+.....##....##...########
.###.#.....##....##...##.....####
.....#.....##....................
.....#'####...<..................


There were no monsters in sight!

Vanquished Creatures
  4 two-headed ogres
  2 boulder beetles
  A manticore (D:12)
  Pikel (D:5)
  2 cyclopes
  Joseph (D:7)
  A gargoyle (D:11)
  An unseen horror (D:12)
  A kobold demonologist (D:11)
  2 trolls
  A vampire (D:12)
  13 yaks
  3 wraiths
  8 vampire mosquitoes (D:11)
  2 water moccasins (D:6)
  2 sky beasts
  An orc warrior (D:8)
  2 ice beasts
  3 black bears
  2 ogres
  6 centaurs
  2 bullfrogs
  3 kobold brigands
  A gnoll sergeant (D:10)
  3 necrophages
  5 scorpions
  6 wights
  9 killer bees
  A howler monkey (D:6)
  2 quasits (D:7)
  2 hounds (D:5)
  2 jellies
  2 orc priests (D:4)
  6 iguanas
  6 orc wizards
  8 gnolls
  6 adders
  2 shadow imps
  3 white imps
  4 ufetubi
  3 worms (D:4)
  2 dart slugs
  13 orcs
  6 ball pythons
  4 endoplasms
  5 giant cockroaches
  8 hobgoblins
  3 jackals (D:1)
  A quokka (D:3)
  5 bats
  3 frilled lizards
  9 goblins
  A hobgoblin skeleton (Ossuary)
  3 hobgoblin zombies (Ossuary)
  17 kobolds
  A kobold zombie (Ossuary)
  4 orc skeletons (Ossuary)
  An orc zombie (Ossuary)
  6 rats
  A spectral goblin (D:3)
  2 bushes (D:3)
230 creatures vanquished.

Vanquished Creatures (others)
  A demonic plant (D:7)
  2 plants (D:3)
3 creatures vanquished.

Grand Total: 233 creatures vanquished

Notes
Turn   | Place    | Note
-------+----------+-------------------------------------------
     0 | D:1      | mandarbmax the Formicid Fighter began the quest for the
                  | Orb.
     0 | D:1      | Reached XP level 1. HP: 18/18 MP: 1/1
   149 | D:1      | Reached XP level 2. HP: 24/24 MP: 2/2
   328 | D:1      | Reached skill level 3 in Staves
   450 | D:1      | Reached XP level 3. HP: 29/29 MP: 3/3
  1606 | D:2      | Reached skill level 4 in Staves
  1606 | D:2      | Reached XP level 4. HP: 30/35 MP: 4/4
  2426 | D:3      | Found a faded altar of an unknown god.
  3262 | D:4      | Noticed a scorpion
  3308 | D:4      | Noticed a scorpion
  3320 | D:4      | Killed a scorpion
  3321 | D:4      | Reached skill level 5 in Staves
  3321 | D:4      | Reached XP level 5. HP: 37/41 MP: 5/5
  3361 | D:4      | Reached XP level 6. HP: 46/47 MP: 6/6
  3418 | D:4      | Noticed an ogre
  3420 | D:4      | Noticed a black bear
  3434 | D:4      | Reached skill level 6 in Staves
  3445 | D:4      | You fall into a shaft and drop 1 floor!
  3445 | D:5      | Entered Level 5 of the Dungeon
  3726 | D:5      | Found a staircase to the Ecumenical Temple.
  3733 | D:5      | Reached skill level 7 in Staves
  3733 | D:5      | Reached XP level 7. HP: 45/51 MP: 7/7
  3741 | Temple   | Entered the Ecumenical Temple
  3965 | Temple   | Became a worshipper of Qazlal Stormbringer
  4241 | D:4      | Reached skill level 1 in Invocations
  4429 | D:4      | Reached skill level 8 in Staves
  4429 | D:4      | Reached XP level 8. HP: 60/60 MP: 7/9
  5233 | D:5      | Noticed Pikel
  5236 | D:5      | Gained mutation: Armour fits poorly on your strangely
                  | shaped body. [potion of mutation]
  5236 | D:5      | Gained mutation: Your mind is acute. (Int +4, Str/Dex -1)
                  | [potion of mutation]
  5247 | D:5      | Killed Pikel
  5248 | D:5      | Reached skill level 5 in Shields
  5256 | D:5      | Reached XP level 9. HP: 9/66 MP: 11/11
  5876 | D:6      | Reached skill level 9 in Staves
  5881 | D:6      | Reached skill level 5 in Fighting
  5881 | D:6      | Reached skill level 5 in Armour
  6695 | D:6      | Reached * piety under Qazlal
  6759 | D:6      | You fall into a shaft and drop 2 floors!
  6767 | D:8      | Found Ihos's Jewellery Shop.
  6843 | D:8      | Found a sand-covered staircase.
  6852 | Ossuary  | Entered an ossuary
  7025 | Ossuary  | Reached skill level 5 in Invocations
  7025 | Ossuary  | Reached XP level 10. HP: 76/76 MP: 13/13
  7061 | Ossuary  | Reached skill level 10 in Staves
  7317 | D:8      | Found Jeepakh's Armour Shoppe.
  7980 | D:8      | Found Isaw's Jewellery Boutique.
  8028 | D:8      | Found Mogao's Antique Weapon Emporium.
  8043 | D:8      | Reached ** piety under Qazlal
  8400 | D:8      | Bought a +2 pair of boots of flying for 258 gold pieces
  8639 | D:6      | Found a burning altar of Makhleb.
  8639 | D:6      | Found a radiant altar of Vehumet.
  8639 | D:6      | Found a shimmering blue altar of Sif Muna.
  8910 | D:7      | Noticed Joseph
  8927 | D:7      | Killed Joseph
  9031 | D:7      | Found a snail-covered altar of Cheibriados.
  9031 | D:7      | Found an opulent altar of Gozag.
  9033 | D:7      | Found a glowing silver altar of Zin.
  9033 | D:7      | Found an iron altar of Okawaru.
  9034 | D:7      | Found a broken altar of Ashenzari.
  9034 | D:7      | Found a bloodstained altar of Trog.
  9034 | D:7      | Found a hide-covered altar of Uskayaw.
  9035 | D:7      | Found a basalt altar of Yredelemnul.
  9453 | D:9      | Noticed a two-headed ogre
  9464 | D:9      | Killed a two-headed ogre
  9599 | D:9      | Reached skill level 11 in Staves
  9740 | D:9      | Noticed a two-headed ogre
  9747 | D:9      | You are sucked into a shaft and drop 3 floors!
  9916 | D:12     | Noticed a two-headed ogre
  9924 | D:12     | Killed a two-headed ogre
  9925 | D:12     | Reached XP level 11. HP: 80/84 MP: 11/15
 10238 | D:12     | Identified a scroll of acquirement
 10241 | D:12     | Acquired an amulet of reflection
 10253 | D:12     | Noticed a boulder beetle
 10275 | D:12     | Killed a boulder beetle
 10420 | D:12     | Noticed a manticore
 10433 | D:12     | Killed a manticore
 10434 | D:12     | Noticed a two-headed ogre
 10449 | D:12     | Killed a two-headed ogre
 10576 | D:12     | Noticed a cyclops
 10586 | D:12     | Killed a cyclops
 10775 | D:11     | Found a staircase to the Lair.
 10809 | D:10     | Entered Level 10 of the Dungeon
 10891 | D:10     | Reached skill level 12 in Staves
 10910 | D:10     | Found a hazy altar of Hepliaklqana.
 11693 | D:11     | Noticed a two-headed ogre
 11719 | D:11     | Killed a two-headed ogre
 11720 | D:11     | Reached XP level 12. HP: 75/93 MP: 16/18
 11936 | D:11     | Reached skill level 10 in Shields
 12138 | D:11     | Reached *** piety under Qazlal
 12143 | D:11     | Found Sahavvi's Antique Armour Shoppe.
 12165 | D:11     | Found a large runed translucent door.
 12165 | D:11     | Found a large runed translucent door.
 12197 | D:11     | Noticed a boulder beetle
 12214 | D:11     | Killed a boulder beetle
 12382 | D:11     | Noticed a sixfirhy
 12389 | D:11     | Shot themself with a blast of rubble

Illustrated notes

Levels and vault maps discovered:
D:1:      erik_arrival_cave_to_civilisation [erik_arrival_cave_to_hall],
          layout_basic
D:2:      cheibrodos_greedy_goblins, layout_basic, serial_corexii_hall,
          corexii_hall_statues_x, corexii_hall_statues_i,
          corexii_hall_statues_t, corexii_hall_statues_i,
          corexii_hall_statues_l, corexii_hall_statues_deadend
D:3:      layout_loops_ring, dreamdust_ecumenical_altar_drowned_temple,
          serial_forest, infiniplex_forest_clump_medium,
          infiniplex_forest_3_way, infiniplex_forest_clump_curved,
          infiniplex_forest_clump_medium, infiniplex_forest_side_room,
          infiniplex_forest_clump_diagonal, infiniplex_forest_clump_curved,
          infiniplex_forest_end_2
D:4:      layout_basic
D:5:      layout_loops_ring, minmay_temple_entry_mist, uniq_pikel
D:6:      layout_basic, gammafunk_temple_overflow_claw, serial_glass,
          glass_columns_c, glass_columns_b, glass_columns_a, glass_columns_b,
          glass_columns_b, glass_columns_a, due_unseen_surprise
D:7:      layout_basic, grunt_temple_overflow_open, serial_demonic,
          serial_demonic_c, serial_demonic_e, serial_demonic_c,
          serial_demonic_g, serial_demonic_a, serial_demonic_b,
          serial_demonic_f, kennysheep_crisscross, uniq_joseph
D:8:      layout_loops_corners, serial_shops, shop, shop, nicolae_stop_n_shop_1,
          nicolae_shop_advertising_works [nicolae_subvault_shop_adworks],
          enter_ossuary_1
D:9:      layout_irregular_city, minmay_orc_entry_temple_small,
          serial_column_ruins, column_ruins_hut_water, column_ruins_hut_ruined,
          column_ruins_corridor_dead_end, column_ruins_grid_3,
          column_ruins_columns_water, column_ruins_open_small,
          column_ruins_corridor_dead_end, column_ruins_grid_2,
          column_ruins_grid_1
D:10:     layout_irregular_city, amcnicky_altar_gilded, lemuel_flamethrower_2
D:11:     layout_stronghold, lair_entry_dummy, serial_shops,
          nicolae_inconvenience_store, lightli_elemental_guards
D:12:     layout_cave_pools
Temple:   dpeg_chambers_temple

Skill      XL: |  1  2  3  4  5  6  7  8  9 10 11 12 |
---------------+-------------------------------------+-----
Staves         | 3 4 5 7 8 9 11 12 | 12.8
Invocations    | 1 3 5 6 8 |  8.6
Fighting       | 4 5 7 8 |  8.6
Armour         | 4 5 7 8 |  8.7
Shields        | 5 7 8 9 10 | 10.3

Action                     |  1- 3 |  4- 6 |  7- 9 | 10-12 || total
---------------------------+-------+-------+-------+-------++-------
  Melee: Quarterstaff      |    37 |   205 |   295 |   460 ||   997
         Staff             |    58 |    33 |       |       ||    91
 Invoke: Upheaval          |       |       |       |     2 ||     2
Ability: Dig               |     1 |     2 |     1 |     4 ||     8
         Shaft Self        |       |     1 |       |     1 ||     2
  Evoke: Wand              |       |       |       |    19 ||    19
    Use: Potion            |       |     3 |     2 |     1 ||     6
         Scroll            |       |     2 |    11 |    14 ||    27
 Armour: Scale mail        |    44 |    55 |    89 |   145 ||   333
         Skin              |       |       |       |    18 ||    18
  Dodge: Dodged            |    39 |    46 |    68 |   113 ||   266
  Block: Buckler           |    15 |    37 |    14 |       ||    66
         Kite shield       |       |       |    84 |   345 ||   429
         Reflection        |       |       |       |     3 ||     3

Table legend: (Time is in decaauts)
 A = Elapsed time spent in this place.
 B = Non-inter-level travel time spent in this place.
 C = Inter-level travel time spent in this place.
 D = Time resting spent in this place.
 E = Time spent auto-exploring this place.
 F = Levels seen in this place.
 G = Mean time per level.
                   A        B        C        D        E       F      G
               +--------+--------+--------+--------+--------+-----+--------+
         Total |  12336 |  11891 |    445 |    738 |   8932 |  14 |  881.1 |
       Dungeon |  11629 |  11230 |    399 |    669 |   8479 |  12 |  969.1 |
        Temple |    251 |    205 |     46 |      0 |    196 |   1 |  251.0 |
       Ossuary |    455 |    455 |      0 |     69 |    257 |   1 |  455.0 |
               +--------+--------+--------+--------+--------+-----+--------+

Top non-repeatable levels by time:
     D:5: 1283 daAuts
     D:8: 1234 daAuts
     D:2: 1197 daAuts
     D:6: 1134 daAuts
     D:1: 1073 daAuts
     D:4: 1060 daAuts
     D:3: 1032 daAuts
    D:11: 908 daAuts
    D:10: 854 daAuts
    D:12: 832 daAuts
     D:7: 718 daAuts
 Ossuary: 455 daAuts
     D:9: 298 daAuts
  Temple: 251 daAuts
